 Dungeon Crawl Stone Soup version 0.27-a0-909-g0721f309d1 (webtiles) character file.

Game seed: 10294464561478914917

253 Lugonue the Stinger (level 5, -9/38 HPs)
             Began as a Demigod Venom Mage on Dec 3, 2020.
             Mangled by a phantom (10 damage)
             ... on level 4 of the Dungeon on Apr 8, 2021.
             The game lasted 00:08:45 (3599 turns).

Lugonue the Stinger (Demigod Venom Mage)            Turns: 3599, Time: 00:08:45

Health: -9/38      AC:  5    Str: 11    XL:     5   Next: 58%
Magic:  22/22      EV: 12    Int: 23    God:
Gold:   131        SH:  0    Dex: 16    Spells: 8/11 levels left

rFire    . . .     SeeInvis .   l - +0 trident
rCold    . . .     Faith    .   (no shield)
rNeg     . . .     Spirit   .   a - +0 robe
rPois    .         Reflect  .   m - +0 helmet
rElec    .         Harm     .   j - scarf {repulsion}
rCorr    .         Rampage  .   q - +0 pair of gloves
Will     +....                  d - +0 pair of boots
Stlth    ++........             (no amulet)
HPRegen  0.12/turn              i - ring of magical power
MPRegen  0.18/turn              o - ring of willpower

@: flying, repel missiles
A: high mp 1, forlorn
a: no special abilities


You were on level 4 of the Dungeon.
You visited 1 branch of the dungeon, and saw 4 of its levels.

You collected 131 gold pieces.

Inventory:

Hand Weapons
 l - a +0 trident (weapon)
Armour
 a - a +0 robe (worn)
 d - a +0 pair of boots (worn)
 j - a scarf of repulsion (worn)
 m - a +0 helmet (worn)
 q - a +0 pair of gloves (worn)
Jewellery
 i - a ring of magical power (left hand)
 o - a ring of willpower (right hand)
Scrolls
 b - 2 scrolls of identify {unknown}
 c - a scroll of blinking {unknown}
 g - a scroll of torment {unknown}
 h - 2 scrolls of teleportation {unknown}
 k - a scroll of summoning {unknown}
 n - a scroll of fog {unknown}
 s - a scroll of noise {unknown}
Potions
 e - a potion of might
 p - a potion of curing {unknown}


   Skills:
 + Level 1.1 Polearms
 - Level 1.7 Dodging
 - Level 1.8 Stealth
 - Level 0.5 Unarmed Combat
 + Level 3.5 Spellcasting
 - Level 0.8 Transmutations
 + Level 4.6 Poison Magic


You had 8 spell levels left.
You knew the following spells:

 Your Spells              Type           Power      Damage    Failure   Level
a - Sting                 Tmut/Pois      64%        1d6       3%          1
b - Poisonous Vapours     Pois/Air       28%        N/A       6%          2

Your spell library contained the following spells:

 Spells                   Type           Power      Damage    Failure   Level
 Ignite Poison            Fire/Tmut/Pois 12%        N/A       16%         3
 Olgreb's Toxic Radiance  Pois           25%        N/A       16%         4
 Mephitic Cloud           Conj/Pois/Air  11%        N/A       17%         3


Dungeon Overview and Level Annotations

Branches:
Dungeon (4/15)
 Temple: D:4-7

Shops:
D:3 (

Annotations:
D:3 3 runed translucent doors, Nattefrost's ghost, amateur PaGl
D:4 Grinder


Innate Abilities, Weirdness & Mutations

Your attributes grow dramatically as you level up.
You have an increased reservoir of magic. (+10% MP)
You shall have no god before yourself.


Message History

The phantom hits you. x2; The phantom blinks!
You blink.
You miss the phantom.
The phantom is heavily damaged.
The phantom barely misses you.
You barely miss the phantom.
The phantom is heavily damaged.
The phantom hits you but does no damage.
You closely miss the phantom.
The phantom is heavily damaged.
The phantom hits you.
You hit the phantom.
The phantom is heavily damaged.
The phantom hits you. The phantom hits you!
* * * LOW HITPOINT WARNING * * *
You are too injured to fight recklessly!
You are too injured to fight recklessly!
The gnoll shaman shouts!
You hit the phantom.
The phantom is heavily damaged.
The phantom barely misses you.
You barely miss the phantom.
The phantom is heavily damaged.
The phantom hits you.
* * * LOW HITPOINT WARNING * * *
The phantom blinks!
You blink.
Grinder comes into view.
The gnoll shaman calls upon its god to speed up something.
Grinder shouts!
There is a stone staircase leading up here.
Grinder blinks!
The phantom hits you.
* * * LOW HITPOINT WARNING * * *
The phantom blinks!
You blink.
You stop ascending the stairs.
Okay, then.
Unknown command.
Okay, then.
Unknown command.
It was a potion of flight.
You feel very buoyant.
You fly up into the air.
The phantom hits you!
You die...

.. ......# ......#
####...... ##.... ... #
#...# ###.### #(.. ##.
#...# #.....# #..# P
...###@..###.#.#.###..#
.........gW.....)........#
).
.#........###.#.#.###..#
#####.#
#...§.g..#...#.#...#..#
.....
#..5.....#.###.###.#..#
...##
#.....................#
.<..##
#......§..#.#.#######.#
g....## #......<..#.#§#
#.# gg....##
.##########.#.# #.#


You could see Grinder, a phantom, a gnoll shaman and a gnoll (wandering, fast).

Vanquished Creatures
  An ogre (D:4)
  2 iguanas
  Terence (D:3)
  2 gnolls (D:4)
  An adder (D:2)
  A worm (D:2)
  2 dart slugs
  7 bats
  2 endoplasms
  2 ghosts (D:1)
  A giant cockroach (D:2)
  5 goblins
  8 hobgoblins
  2 jackals (D:4)
  9 kobolds
  3 quokkas
  2 frilled lizards (D:3)
  2 rats (D:1)
53 creatures vanquished.

Vanquished Creatures (others)
  2 fungi (D:2)
  7 plants
9 creatures vanquished.

Grand Total: 62 creatures vanquished

Notes
Turn   | Place    | Note
-------+----------+-------------------------------------------
     0 | D:1      | Lugonue the Demigod Venom Mage began the quest for the Orb.
     0 | D:1      | Reached XP level 1. HP: 14/14 MP: 5/5
    20 | D:1      | Upgraded the game from 0.26-a0-812-g31a745ddcd to
                  | 0.27-a0-909-g0721f309d1
    33 | D:1      | Reached skill level 3 in Poison Magic
   220 | D:1      | Reached XP level 2. HP: 20/20 MP: 5/7
   943 | D:2      | Learned a level 2 spell: Poisonous Vapours
  1444 | D:2      | Reached XP level 3. HP: 13/26 MP: 8/8
  2301 | D:3      | Found Olodufos's Antique Weapon Shoppe.
  2724 | D:3      | Reached XP level 4. HP: 33/33 MP: 10/10
  2769 | D:3      | Reached skill level 4 in Poison Magic
  2958 | D:3      | Noticed Terence
  2967 | D:3      | Killed Terence
  3002 | D:3      | Found a runed translucent gate.
  3003 | D:3      | Found a runed translucent gate.
  3003 | D:3      | Found a runed translucent gate.
  3005 | D:3      | Noticed Nattefrost's ghost (amateur PaGl)
  3356 | D:4      | Noticed an ogre
  3366 | D:4      | HP: 1/33 [ogre/+0 giant club (32)]
  3370 | D:4      | Killed an ogre
  3371 | D:4      | Reached skill level 1 in Polearms
  3371 | D:4      | Reached XP level 5. HP: 1/38 MP: 13/13
  3594 | D:4      | Noticed Grinder
  3598 | D:4      | HP: 1/38 [phantom (5)]
  3599 | D:4      | Mangled by a phantom

Illustrated notes

Levels and vault maps discovered:
D:1:      co_arrival_square_in_a_square_in_a_square, layout_basic,
          nemelex_altar_shiori
D:2:      layout_basic, shapermc_ecumenical_altar_mp_urbaneastern, basic_altar
D:3:      layout_rooms, serial_shops, nicolae_shop_crystal,
          gammafunk_ghost_necromancy, amethyst_killhole, uniq_terence
D:4:      kennysheep_kobold_camp, layout_basic, grunt_decor_one_mirror,
          minmay_misc_feat_alley, minmay_misc_feat_roman, uniq_grinder

Skill      XL: |  1  2  3  4 |
---------------+-------------+-----
Poison Magic   | 3 4 |  4.6
Spellcasting   | 2 3 |  3.5
Polearms       | 1 |  1.1
Dodging        | |  1.7
Stealth        | |  1.8
Unarmed Combat | |  0.5
Transmutations | |  0.8

Action                   |  1- 3 |  4- 6 || total
-------------------------+-------+-------++-------
Melee: Unarmed           |    67 |       ||    67
       Trident           |    21 |    40 ||    61
 Cast: Sting             |    45 |     8 ||    53
       Poisonous Vapours |     3 |    16 ||    19
  Use: Potion            |       |     3 ||     3
 Stab: Sleeping          |     1 |     1 ||     2
Armor: Robe              |    31 |    10 ||    41
Dodge: Dodged            |    71 |    25 ||    96

Table legend: (Time is in decaauts)
 A = Elapsed time spent in this place.
 B = Non-inter-level travel time spent in this place.
 C = Inter-level travel time spent in this place.
 D = Time resting spent in this place.
 E = Time spent auto-exploring this place.
 F = Levels seen in this place.
 G = Mean time per level.
                   A        B        C        D        E       F      G
               +--------+--------+--------+--------+--------+-----+--------+
         Total |   3615 |   3454 |    161 |    354 |   2496 |   4 |  903.8 |
       Dungeon |   3615 |   3454 |    161 |    354 |   2496 |   4 |  903.8 |
               +--------+--------+--------+--------+--------+-----+--------+

Top non-repeatable levels by time:
     D:2: 1504 daAuts
     D:3: 909 daAuts
     D:1: 784 daAuts
     D:4: 415 daAuts
